 Dungeon Crawl Stone Soup version 0.20.1-1-g8b1a95d (webtiles) character file.

163 polve the Chopper (level 5, -1/38 HPs)
             Began as a Demonspawn Gladiator on July 7, 2017.
             Slain by a slave (7 damage)
             ... led by Pikel
             ... while paralysed by Grinder
             ... on level 4 of the Dungeon.
             The game lasted 00:02:10 (2858 turns).

polve the Chopper (Demonspawn Gladiator)            Turns: 2858, Time: 00:02:11

Health: -1/38      AC:  6    Str: 15    XL:     5   Next: 20%
Magic:  5/5        EV:  2    Int:  9    God:
Gold:   168        SH:  0    Dex: 15    Spells: 4/4 levels left

rFire    . . .     SeeInvis .   a - +0 war axe
rCold    . . .     Gourm    .   (no shield)
rNeg     . . .     Faith    .   w - +0 leather armour
rPois    .         Spirit   .   c - +0 helmet
rElec    .         Reflect  .   (no cloak)
rCorr    .         Harm     .   (no gloves)
MR       .....                  (no boots)
Stlth    +.........             (no amulet)
Regen    0.2/turn               (no ring)
MPRegen  0.1/turn               (no ring)

@: paralysed
A: molten scales 1, spiny 1
a: no special abilities


You were on level 4 of the Dungeon.
You were very hungry.

You visited 1 branch of the dungeon, and saw 4 of its levels.

You collected 168 gold pieces.

Inventory:

Hand Weapons
 a - a +0 war axe (weapon)
 b - a +0 blowgun
Missiles
 d - 5 throwing nets (quivered)
 x - 11 poisoned needles
Armour
 c - a +0 helmet (worn)
 w - a +0 leather armour (worn)
Scrolls
 e - 3 scrolls of blinking {unknown}
 g - a scroll of enchant armour {unknown}
 j - 2 scrolls of recharging {unknown}
 k - a scroll of immolation {unknown}
 n - 3 scrolls of teleportation {unknown}
 s - a scroll of identify {unknown}
 v - a scroll of fog {unknown}
Potions
 h - a potion of brilliance {unknown}
 i - 2 potions of curing
 m - a potion of invisibility {unknown}
 o - 2 potions of heal wounds {unknown}
 p - a potion of experience {unknown}
 q - a potion of haste {unknown}
 u - a potion of cancellation {unknown}
Comestibles
 f - 3 bread rations
 l - 2 meat rations
 r - a royal jelly


   Skills:
 - Level 2.0 Fighting
 + Level 5.4 Axes
 - Level 1.7 Throwing
 - Level 2.6 Dodging


You had 4 spell levels left.
You didn't know any spells.

Dungeon Overview and Level Annotations

Branches:
Dungeon (4/15)
 Temple: D:4-7

Altars:
Kikubaaqudgha
Okawaru
Qazlal
Ru

Annotations:
D:4 Grinder, Pikel


Innate Abilities, Weirdness & Mutations

You are partially covered in molten scales. (AC +2)
You are partially covered in sharp spines.


Message History

Grinder is moderately wounded.
Pikel shouts!
The slave shouts!
You hit the slave. The slave barely misses you.
Grinder is struck by your spines. Grinder hits you.
You writhe in agony.
* * * LOW HITPOINT WARNING * * *
The slave hits you.
* * * LOW HITPOINT WARNING * * *
You barely miss Grinder.
Grinder is heavily wounded.
You completely miss the slave. You closely miss the slave. The slave hits you.
* * * LOW HITPOINT WARNING * * *
Grinder gestures at you.
You suddenly lose the ability to move!
Pikel says, "You'll feel the lick of my whip!"
The slave is struck by your spines. The slave hits you.
* * * LOW HITPOINT WARNING * * *
The slave hits you.
* * * LOW HITPOINT WARNING * * *
Grinder hits you but does no damage. The slave hits you!
You die...

#... ######....#
##...##.........###.
###...................
(...............#.....
................#.....
......###.......#.....
...%............# ....
#..p..p...###...# ...
#...K.p@..# #...#
#.....5...# #...#
#......?..# #...#
#...!.....# #...#
########### #...#
#####


You could see Pikel, Grinder and 3 slaves.

Vanquished Creatures
  An iguana (D:4)
  Natasha (D:4)
  An adder (D:4)
  4 worms
  A dart slug (D:2)
  4 leopard geckos
  3 orcs (D:3)
  6 giant cockroaches
  8 goblins
  7 hobgoblins
  9 jackals
  4 kobolds
  4 quokkas
  12 bats
  2 frilled lizards (D:2)
  A leopard gecko skeleton (D:3)
  9 rats
77 creatures vanquished.

Notes
Turn   | Place    | Note
-------+----------+-------------------------------------------
     0 | D:1      | polve the Demonspawn Gladiator began the quest for the Orb.
     0 | D:1      | Reached XP level 1. HP: 16/16 MP: 1/1
    32 | D:1      | Reached skill level 3 in Axes
   383 | D:1      | Gained mutation: You are partially covered in molten scales. (AC +2) [demonic ancestry]
   383 | D:1      | Reached XP level 2. HP: 22/22 MP: 2/2
  1010 | D:2      | Gained mutation: You are partially covered in sharp spines. [demonic ancestry]
  1010 | D:2      | Reached XP level 3. HP: 27/27 MP: 3/3
  1196 | D:2      | Reached skill level 4 in Axes
  1467 | D:2      | Found a sacrificial altar of Ru.
  1471 | D:2      | Found a stormy altar of Qazlal.
  1474 | D:2      | Found an ancient bone altar of Kikubaaqudgha.
  1607 | D:3      | Reached XP level 4. HP: 33/33 MP: 4/4
  1674 | D:3      | Found an iron altar of Okawaru.
  2469 | D:4      | Reached skill level 5 in Axes
  2482 | D:4      | Noticed Natasha
  2491 | D:4      | Killed Natasha
  2529 | D:4      | HP: 1/33 [iguana (9)]
  2532 | D:4      | Reached XP level 5. HP: 1/38 MP: 5/5
  2848 | D:4      | Noticed Grinder
  2851 | D:4      | Noticed a slave
  2852 | D:4      | Noticed a slave
  2852 | D:4      | Paralysed by Grinder for 2 turns
  2855 | D:4      | Noticed Pikel
  2856 | D:4      | Noticed a slave
  2857 | D:4      | Paralysed by Grinder for 7 turns
  2858 | D:4      | Slain by a slave

Skill      XL: |  1  2  3  4 |
---------------+-------------+-----
Axes           | 3 4 5 |  5.4
Fighting       | |  2.0
Throwing       | |  1.7
Dodging        | |  2.6

Action                   |  1- 3 |  4- 6 || total
-------------------------+-------+-------++-------
Melee: War axe           |   104 |    52 ||   156
 Stab: Sleeping          |       |     2 ||     2
  Eat: Chunk             |     2 |     3 ||     5
Armor: Leather armour    |    45 |    20 ||    65
Dodge: Dodged            |   105 |    19 ||   124
